[Event "Titled Tuesday Blitz May 10 Early 2022"]
[White "Golizadeh, Asghar"]
[Black "Srihari L R"]
[WhiteFideId "12505269"]
[BlackFideId "46617116"]
[WhiteElo "2403"]
[BlackElo "2121"]
[Result "0-1"]
[Round "04"]
[TimeControl "180+1"]
[Date "2022.05.11"]
[WhiteClock "0:01:18"]
[BlackClock "0:00:37"]

1. e4 c6 2. d4 d5 3. exd5 cxd5 4. Bd3 Nc6 5. c3 Nf6 6. Bf4 g6 7. Nd2 Bf5 8. Bxf5 gxf5 9. Ngf3 e6 10. O-O Bd6 11. Bxd6 Qxd6 12. Re1 O-O-O 13. b4 Ne4 14. Nb3 Rhg8 15. b5 Ne7 16. Ne5 f6 17. Nf7 Rxg2+ 18. Kxg2 Rg8+ 19. Kf1 Qxh2 20. Qf3 Ng6 21. Qg2 Qxg2+ 22. Kxg2 Ne5+ 23. Kf1 Nxf7 24. Nc5 Nfg5 25. Rac1 b6 26. Nxe4 fxe4 27. c4 Kd7 28. c5 Nf3 29. c6+ Kc7 30. Red1 Rg1+ 31. Ke2 Nxd4+ 32. Ke3 Rxd1 33. Rxd1 Nxb5 34. Rh1 Kxc6 35. Rxh7 f5 36. f4 exf3 37. Kxf3 Kd6 38. a4 Nd4+ 39. Ke3 Nc6 40. Kd3 e5 41. Rh6+ Kc5 42. Kc3 e4 43. Kd2 f4 44. Rf6 f3 45. Ke3 a5 46. Rf5 Nb4 47. Rf8 Nc2+ 48. Kd2 Nd4 49. Ke3 Nc2+ 50. Kd2 Na3 51. Ke3 Nc4+ 52. Kf2 Kd4 53. Re8 Nb2 54. Rd8 Nxa4 55. Kg3 Nc5 56. Kf2 Nd3+ 57. Kf1 e3 58. Re8 e2+ 59. Rxe2 fxe2+ 60. Kxe2 a4 61. Kd2 a3 62. Kc2 a2 63. Kb3 a1=Q 64. Kc2 Qb2+ 65. Kd1 Nf2+ 66. Ke1 Ne4 67. Kd1 Qd2# 0-1


[Site "https://www.chess.com"]

[Event "Titled Tuesday Blitz May 10 Early 2022"]
[White "Goltsev, Dmitry"]
[Black "Tymrakiewicz, Rafal"]
[WhiteFideId "24176710"]
[BlackFideId "1108832"]
[WhiteElo "2258"]
[BlackElo "2205"]
[Result "0-1"]
[Round "04"]
[TimeControl "180+1"]
[Date "2022.05.11"]
[WhiteClock "0:00:48"]
[BlackClock "0:00:07"]

1. e4 Nf6 2. e5 Nd5 3. d4 d6 4. c4 Nb6 5. exd6 cxd6 6. Nc3 g6 7. Nf3 Bg7 8. h3 O-O 9. Be3 Bf5 10. Be2 d5 11. c5 Nc4 12. Bxc4 dxc4 13. Qa4 Bd3 14. O-O-O Nc6 15. d5 Ne5 16. Nd2 Bf5 17. Nxc4 Nd3+ 18. Kd2 b5 19. Qxb5 Rb8 20. Qc6 Nxb2 21. Qa6 Bd3 22. Rb1 Bxc4 23. Qxa7 Bxd5 24. Kc2 Be4+ 25. Nxe4 Qd3+ 26. Kc1 Qxe4 27. Qa6 Rfd8 28. Qa5 Nd3+ 29. Kd2 Nxf2+ 30. Ke2 Nxh1 31. Re1 Rb2+ 32. Kf1 Qxg2# 0-1


[Site "https://www.chess.com"]

[Event "Titled Tuesday Blitz May 10 Early 2022"]
[White "Griffith, Kyron"]
[Black "Buscar, Michael"]
[WhiteFideId "2046318"]
[BlackFideId "2603616"]
[WhiteElo "2232"]
[BlackElo "2010"]
[Result "1-0"]
[Round "04"]
[TimeControl "180+1"]
[Date "2022.05.11"]
[WhiteClock "0:01:08"]
[BlackClock "0:00:04"]

1. e4 e5 2. Ne2 d5 3. exd5 c6 4. d4 exd4 5. Qxd4 cxd5 6. Nbc3 Nf6 7. Nf4 Be6 8. Be3 Nc6 9. Bb5 Bd6 10. Qa4 O-O 11. O-O-O Bxf4 12. Bxf4 Rc8 13. Bg5 a6 14. Bd3 Ne5 15. Bxh7+ Kxh7 16. Qh4+ Kg8 17. Kb1 Rxc3 18. bxc3 Nc4 19. Ka1 Qa5 20. Bxf6 gxf6 21. Rd3 Ne5 22. Rg3+ Ng6 23. Qxf6 Kh7 24. Rxg6 fxg6 25. Qxf8 Qxc3+ 26. Kb1 Qb4+ 27. Qxb4 1-0


[Site "https://www.chess.com"]

[Event "Titled Tuesday Blitz May 10 Early 2022"]
[White "Gurevich, Dmitry"]
[Black "Bai, Adelard"]
[WhiteFideId "2000407"]
[BlackFideId "16301188"]
[WhiteElo "2506"]
[BlackElo "2120"]
[Result "1-0"]
[Round "04"]
[TimeControl "180+1"]
[Date "2022.05.11"]
[WhiteClock "0:00:47"]
[BlackClock "0:00:01"]

1. d4 d5 2. c4 c6 3. cxd5 cxd5 4. Bg5 h6 5. Bh4 Nf6 6. Bxf6 exf6 7. Nc3 Bb4 8. e3 Nc6 9. Ne2 O-O 10. g3 Be6 11. Bg2 Rc8 12. O-O Na5 13. Rc1 Nc4 14. Rc2 Bf5 15. Rc1 Nxb2 16. Qb3 Nd3 17. Rcd1 Ba5 18. Nxd5 Nxf2 19. Kxf2 Bc2 20. Qa3 Bxd1 21. Rxd1 Re8 22. Qb3 b6 23. Bf3 Qd7 24. Kg2 Kh8 25. a4 Qe6 26. Nef4 Qd7 27. e4 Qc6 28. h4 Qc2+ 29. Qxc2 Rxc2+ 30. Kh3 Rc4 31. h5 Rxa4 32. Rc1 Rxd4 33. Rc7 Kg8 34. Rxa7 Bd2 35. Ne7+ Kf8 36. Nf5 1-0


[Site "https://www.chess.com"]

[Event "Titled Tuesday Blitz May 10 Early 2022"]
[White "Guz, Ari"]
[Black "Hakobyan, Aram"]
[WhiteFideId "2825759"]
[BlackFideId "13306677"]
[WhiteElo "1913"]
[BlackElo "2557"]
[Result "0-1"]
[Round "04"]
[TimeControl "180+1"]
[Date "2022.05.10"]
[WhiteClock "0:00:16"]
[BlackClock "0:00:23"]

1. Nf3 Nf6 2. b3 b6 3. Bb2 Bb7 4. e3 g6 5. Be2 Bg7 6. O-O O-O 7. c4 c5 8. d4 d6 9. Nc3 Nbd7 10. d5 a6 11. a4 Ne4 12. Qc2 Nxc3 13. Bxc3 Bxc3 14. Qxc3 b5 15. h4 Nf6 16. Bd3 b4 17. Qb2 e5 18. Ng5 h6 19. Nh3 Ng4 20. g3 Bc8 21. Kg2 f5 22. Be2 Ra7 23. Qd2 Nf6 24. f3 Kh7 25. Nf2 Raf7 26. Rh1 Nh5 27. Qc2 f4 28. exf4 exf4 29. g4 Ng3 30. Bd3 Rg7 31. Rh2 Re8 32. h5 Kg8 33. hxg6 Qg5 34. Qd2 Re3 35. Re1 Qe5 36. Ne4 Bxg4 37. Rxe3 fxe3 38. Qxe3 Nf5 39. Qf2 Rxg6 40. fxg4 Rxg4+ 41. Kh1 Rxe4 42. Qg2+ Ng3+ 43. Kg1 Re1+ 44. Kf2 Qe3# 0-1


[Site "https://www.chess.com"]

[Event "Titled Tuesday Blitz May 10 Early 2022"]
[White "Hansch, Karsten"]
[Black "Zaksaite, Salomeja"]
[WhiteFideId "24692239"]
[BlackFideId "12801496"]
[WhiteElo "2358"]
[BlackElo "1953"]
[Result "1-0"]
[Round "04"]
[TimeControl "180+1"]
[Date "2022.05.11"]
[WhiteClock "0:00:37"]
[BlackClock "0:00:04"]

1. e4 c5 2. Nf3 e6 3. b3 b6 4. Bb2 Bb7 5. Bc1 Bxe4 6. Bb2 Nf6 7. d4 Nc6 8. Nbd2 Bg6 9. Bb5 cxd4 10. Nxd4 Nxd4 11. Bxd4 Be7 12. O-O O-O 13. Nf3 Qc7 14. Rc1 Ba3 15. Bxf6 Bxc1 16. Be5 Qc5 17. c4 Ba3 18. Qxd7 a6 19. Ba4 Qc8 20. Qxc8 Rfxc8 21. Bd4 Bc5 22. Bxc5 Rxc5 23. Nd2 b5 24. b4 Re5 25. Bb3 bxc4 26. Nxc4 Re2 27. Rd1 Bc2 28. Bxc2 Rxc2 29. Nb6 Rb8 30. a3 g6 31. Na4 Ra2 32. Nc5 Rxa3 33. h4 Rxb4 34. Rd8+ Kg7 35. Ra8 Rb1+ 36. Kh2 a5 37. g4 g5 38. hxg5 Rb2 39. Kg2 Raa2 40. Ne4 Kg6 41. Rg8# 1-0


[Site "https://www.chess.com"]

[Event "Titled Tuesday Blitz May 10 Early 2022"]
[White "Dronavalli, Harika"]
[Black "Visakh N R"]
[WhiteFideId "5015197"]
[BlackFideId "25012223"]
[WhiteElo "2382"]
[BlackElo "2448"]
[Result "1/2-1/2"]
[Round "04"]
[TimeControl "180+1"]
[Date "2022.05.10"]
[WhiteClock "0:00:17"]
[BlackClock "0:01:01"]

1. e4 c5 2. c3 Nf6 3. e5 Nd5 4. Nf3 d6 5. d4 cxd4 6. cxd4 Nc6 7. Bc4 Nb6 8. Bb5 dxe5 9. Nxe5 Bd7 10. Nxd7 Qxd7 11. Nc3 e6 12. O-O Rd8 13. Bg5 Be7 14. Bxc6 bxc6 15. Bxe7 Qxe7 16. Rc1 O-O 17. Ne2 e5 18. Rxc6 exd4 19. Nc1 d3 20. Nb3 Qe2 21. Qxe2 dxe2 22. Re1 Rd1 23. Rc1 Rfd8 24. f4 Rxc1 25. Nxc1 Rd1 26. Kf2 g5 27. fxg5 Nc4 28. Nb3 Nxb2 29. Rxe2 Nd3+ 30. Ke3 Nb4 31. Kf4 Kg7 32. h4 Nd3+ 33. Kg3 Nc1 34. Nxc1 Rxc1 35. Re3 a5 36. Ra3 Rc5 37. Kg4 Kg6 38. g3 Rc4+ 39. Kh3 a4 40. Rd3 Rc2 41. Ra3 Rc4 42. Rf3 Rc2 43. Ra3 Rc4 1/2-1/2


[Site "https://www.chess.com"]

[Event "Titled Tuesday Blitz May 10 Early 2022"]
[White "Harish, Neeraj"]
[Black "Itkis, Boris"]
[WhiteFideId "30958130"]
[BlackFideId "1209167"]
[WhiteElo "1574"]
[BlackElo "2207"]
[Result "0-1"]
[Round "04"]
[TimeControl "180+1"]
[Date "2022.05.11"]
[WhiteClock "0:00:05"]
[BlackClock "0:00:08"]

1. e4 c5 2. Nf3 Nc6 3. Bb5 g6 4. O-O Bg7 5. Bxc6 bxc6 6. e5 Nh6 7. d3 O-O 8. b3 d5 9. Bb2 e6 10. Nbd2 Qb6 11. c4 Nf5 12. g4 Nd4 13. Bxd4 cxd4 14. Re1 a5 15. Nh4 a4 16. f4 axb3 17. axb3 Rxa1 18. Qxa1 Bh6 19. g5 Bg7 20. Qa3 Bb7 21. c5 Qb5 22. b4 Ra8 23. Qb3 Ra4 24. Rb1 Ba6 25. Nhf3 Bf8 26. h4 h5 27. Kf2 Bb7 28. Nxd4 Qa6 29. b5 cxb5 30. Nxb5 Bc6 31. d4 Bxb5 32. Qxb5 Qxb5 33. Rxb5 Rxd4 34. Ke3 Ra4 35. c6 Ra6 36. c7 Rc6 37. Rb7 Kg7 38. Nb3 Rc3+ 39. Kd2 Rc4 40. Na5 Bb4+ 41. Kd3 Bxa5 42. c8=Q Rxc8 0-1


[Site "https://www.chess.com"]

[Event "Titled Tuesday Blitz May 10 Early 2022"]
[White "Hoffmann, Asa"]
[Black "Shyaamnikhil P"]
[WhiteFideId "2001470"]
[BlackFideId "5024218"]
[WhiteElo "2117"]
[BlackElo "2329"]
[Result "0-1"]
[Round "04"]
[TimeControl "180+1"]
[Date "2022.05.11"]
[WhiteClock "0:00:41"]
[BlackClock "0:00:10"]

1. d4 Nf6 2. Bg5 Ne4 3. Bf4 c5 4. f3 Qa5+ 5. c3 Nf6 6. d5 d6 7. e4 g6 8. Qd2 Bg7 9. Na3 Nbd7 10. Nh3 h6 11. Nf2 Qd8 12. Nc4 Nh5 13. Be3 b5 14. Na3 a6 15. Nc2 Ne5 16. Be2 g5 17. g3 Nf6 18. h3 Ng6 19. f4 e6 20. fxg5 hxg5 21. Bxg5 exd5 22. exd5 Qb6 23. O-O-O Bb7 24. Qe3+ Kf8 25. Bf3 Re8 26. Qd2 Ne5 27. Bg2 Nc4 28. Qd3 Qa5 29. a3 Ne5 30. Qf5 Bc8 31. Qf4 Nh5 32. Qd2 Nc4 33. Qd3 Ne5 34. Qd2 Nxg3 35. Rhe1 Nc4 36. Rxe8+ Kxe8 37. Qf4 Ne2+ 0-1


[Site "https://www.chess.com"]

[Event "Titled Tuesday Blitz May 10 Early 2022"]
[White "Ismayil, Malak"]
[Black "Simonovic, Miroslav"]
[WhiteFideId "13412604"]
[BlackFideId "919152"]
[WhiteElo "1879"]
[BlackElo "2043"]
[Result "1-0"]
[Round "04"]
[TimeControl "180+1"]
[Date "2022.05.11"]
[WhiteClock "0:01:16"]
[BlackClock "0:00:01"]

1. e4 c5 2. Nf3 Nc6 3. Bb5 g6 4. c3 Bg7 5. d4 cxd4 6. cxd4 Nf6 7. Nc3 Qa5 8. Bxc6 dxc6 9. h3 O-O 10. O-O Rd8 11. Qc2 Qh5 12. Qe2 a5 13. Be3 b6 14. Rfd1 b5 15. a3 Ba6 16. Qc2 Rac8 17. e5 Nd5 18. Ne4 b4 19. Nc5 Ra8 20. e6 Bc8 21. exf7+ Kxf7 22. axb4 Nxb4 23. Qc4+ Nd5 24. Ng5+ Kg8 25. Nge6 Bxe6 26. Nxe6 Rd6 27. Nf4 Qf5 28. Nxd5 Qxd5 29. Qe2 Qb5 30. Qg4 Rad8 31. Qh4 e5 32. Bg5 R8d7 33. Re1 exd4 34. Re8+ Kf7 35. Rae1 Qf5 36. Qxh7 d3 37. Qg8# 1-0


[Site "https://www.chess.com"]

[Event "Titled Tuesday Blitz May 10 Early 2022"]
[White "Ivanisevic, Ivan"]
[Black "Hamley, Ryan"]
[WhiteFideId "912417"]
[BlackFideId "30959497"]
[WhiteElo "2723"]
[BlackElo "2529"]
[Result "1-0"]
[Round "04"]
[TimeControl "180+1"]
[Date "2022.05.11"]
[WhiteClock "0:00:21"]
[BlackClock "0:00:01"]

1. d4 Nf6 2. c4 e6 3. Nc3 d5 4. cxd5 Nxd5 5. Nf3 Nxc3 6. bxc3 c5 7. e3 Be7 8. Bd3 O-O 9. O-O Nd7 10. a4 b6 11. a5 Bb7 12. e4 cxd4 13. a6 Bc6 14. cxd4 Nf6 15. d5 exd5 16. Nd4 Rc8 17. e5 Ne4 18. Bb2 Bc5 19. Qg4 Qg5 20. Qh3 h6 21. f4 Qe7 22. Kh1 Bd7 23. Qh5 f5 24. exf6 Nxf6 25. Qg6 Qf7 26. Rae1 Qxg6 27. Bxg6 Ne4 28. f5 Rcd8 29. g4 Bc8 30. Ne6 Bxa6 31. Bxg7 Bxf1 32. Rxf1 Rfe8 33. Bxh6 1-0


[Site "https://www.chess.com"]

[Event "Titled Tuesday Blitz May 10 Early 2022"]
[White "Janaszak, Dawid"]
[Black "Bacrot, Etienne"]
[WhiteFideId "1119206"]
[BlackFideId "605506"]
[WhiteElo "2199"]
[BlackElo "2673"]
[Result "0-1"]
[Round "04"]
[TimeControl "180+1"]
[Date "2022.05.10"]
[WhiteClock "0:00:07"]
[BlackClock "0:00:32"]

1. e4 c5 2. Nc3 Nc6 3. Bb5 Nd4 4. Nf3 Nxb5 5. Nxb5 a6 6. Nc3 b5 7. d4 cxd4 8. Qxd4 Bb7 9. Bg5 f6 10. Be3 e6 11. O-O Ne7 12. Rad1 Nc6 13. Qd2 Be7 14. Rfe1 b4 15. Nd5 exd5 16. exd5 Ne5 17. Nxe5 fxe5 18. d6 Bf6 19. Qxb4 Qc8 20. Qb3 Qc6 21. f3 Qb5 22. Bd4 Qxb3 23. axb3 Kf7 24. Bxe5 Rhe8 25. Bxf6 Kxf6 26. c4 Bc6 27. Kf2 Rab8 28. Rxe8 Rxe8 29. Ra1 Rb8 30. Rxa6 Rxb3 31. c5 Rxb2+ 32. Kg3 Rb5 33. Ra4 Rxc5 34. Rf4+ Rf5 0-1


[Site "https://www.chess.com"]

[Event "Titled Tuesday Blitz May 10 Early 2022"]
[White "Jaracz, Pawel"]
[Black "Nakamura, Hikaru"]
[WhiteFideId "1102222"]
[BlackFideId "2016192"]
[WhiteElo "2429"]
[BlackElo "2850"]
[Result "0-1"]
[Round "04"]
[TimeControl "180+1"]
[Date "2022.05.10"]
[WhiteClock "0:00:20"]
[BlackClock "0:00:57"]

1. e4 g6 2. d4 Bg7 3. Nc3 a6 4. Bg5 b5 5. h4 Bb7 6. f3 d6 7. Qd2 Nd7 8. O-O-O c5 9. Nge2 Rc8 10. Kb1 Qa5 11. dxc5 Nxc5 12. Nd4 h6 13. Be3 Nf6 14. Nb3 Nxb3 15. axb3 h5 16. Qf2 Nd7 17. Bd4 Bxd4 18. Qxd4 f6 19. g3 b4 20. Na2 Qc7 21. Bc4 a5 22. Rh2 Qc5 23. Be6 Qxd4 24. Rxd4 Rc5 25. c3 bxc3 26. Nxc3 Ne5 27. Rf2 Bc8 28. Bd5 e6 29. Bc4 Ke7 30. f4 Nf7 31. f5 Ne5 32. Bxe6 Bxe6 33. fxe6 Kxe6 34. Nd5 Rf8 35. Nf4+ Kd7 36. Rfd2 Rc6 37. Rd5 Ra6 38. Ne2 Ke7 39. Nc3 Rb8 40. Ka2 Nc6 41. Ka3 Nb4 42. R5d4 Rab6 43. Na4 Rc6 44. Nc3 Ke6 45. Rc4 Rxc4 46. bxc4 Na6 47. Nb5 Rd8 48. Nc7+ Nxc7 0-1


[Site "https://www.chess.com"]

[Event "Titled Tuesday Blitz May 10 Early 2022"]
[White "Jarovinsky, Alexey"]
[Black "Ferreira, Vitor Hugo Vieira"]
[WhiteFideId "14115131"]
[BlackFideId "2119765"]
[WhiteElo "2446"]
[BlackElo "2165"]
[Result "1-0"]
[Round "04"]
[TimeControl "180+1"]
[Date "2022.05.11"]
[WhiteClock "0:00:58"]
[BlackClock "0:00:36"]

1. Nc3 d5 2. e4 d4 3. Nce2 c5 4. Ng3 Nc6 5. Bb5 Qb6 6. Bxc6+ Qxc6 7. d3 g6 8. Nf3 Bg7 9. O-O Nf6 10. Bf4 O-O 11. h3 b6 12. Qd2 Re8 13. Bh6 Bh8 14. a4 a5 15. b3 Bb7 16. Nh2 e5 17. f4 exf4 18. Qxf4 Qe6 19. Rf2 Nd7 20. Raf1 Ne5 21. Qh4 f6 22. Ne2 Bc6 23. Ng4 Nxg4 24. hxg4 Ra7 25. g5 Rf7 26. gxf6 Rd8 27. Bg5 Rd6 28. Nf4 Qe5 29. Nh3 c4 30. Bf4 Qxf6 31. Bg5 1-0


[Site "https://www.chess.com"]

[Event "Titled Tuesday Blitz May 10 Early 2022"]
[White "Jaskolka, Tomasz"]
[Black "Van den Dikkenberg, Erik"]
[WhiteFideId "1170791"]
[BlackFideId "1005880"]
[WhiteElo "2073"]
[BlackElo "2118"]
[Result "1-0"]
[Round "04"]
[TimeControl "180+1"]
[Date "2022.05.11"]
[WhiteClock "0:00:54"]
[BlackClock "0:00:15"]

1. d4 Nf6 2. Bf4 b6 3. Nf3 Bb7 4. e3 g6 5. c4 Bg7 6. Nc3 d6 7. Be2 Nbd7 8. Qc2 O-O 9. O-O-O a5 10. h4 h5 11. Ng5 a4 12. Rh2 Ra5 13. g4 hxg4 14. h5 e5 15. dxe5 dxe5 16. Bg3 e4 17. Ngxe4 Nxe4 18. Nxe4 Bxe4 19. Qxe4 Qf6 20. Qc2 Nc5 21. hxg6 fxg6 22. Bxg4 a3 23. b4 Qa1+ 24. Kd2 Rd8+ 25. Ke2 Rxd1 26. Qxd1 Qxd1+ 27. Kxd1 Ra4 28. bxc5 Rb4 29. Bxc7 Rb1+ 30. Ke2 Rb2+ 31. Kf3 Rxa2 32. cxb6 Rb2 33. Be6+ Kf8 34. Bd6+ Ke8 35. c5 a2 36. Bxa2 Rxa2 37. c6 Rb2 38. b7 Rb6 39. b8=Q+ 1-0


[Site "https://www.chess.com"]

[Event "Titled Tuesday Blitz May 10 Early 2022"]
[White "Johnson, Ben"]
[Black "Demin, Vladimir"]
[WhiteFideId "2010917"]
[BlackFideId "4167457"]
[WhiteElo "2229"]
[BlackElo "2454"]
[Result "0-1"]
[Round "04"]
[TimeControl "180+1"]
[Date "2022.05.11"]
[WhiteClock "0:00:08"]
[BlackClock "0:00:41"]

1. Nf3 d5 2. e3 Nd7 3. d4 Ngf6 4. c4 e6 5. Nc3 c6 6. Bd3 dxc4 7. Bxc4 b5 8. Bd3 a6 9. O-O Bb7 10. a3 c5 11. Qc2 Rc8 12. Rd1 Qb6 13. Qe2 Be7 14. Bc2 O-O 15. e4 cxd4 16. Nxd4 Bc5 17. Nf3 Ng4 18. Rxd7 Nxf2 19. Kf1 f5 20. e5 Ng4 21. h3 Bxf3 22. gxf3 Nf2 23. b4 Bd4 24. Rxd4 Qxd4 25. Qxf2 Qxc3 26. Ra2 Qc4+ 27. Bd3 Qxd3+ 28. Kg2 Rxc1 0-1


[Site "https://www.chess.com"]

[Event "Titled Tuesday Blitz May 10 Early 2022"]
[White "Juhasz, Agoston"]
[Black "Nogerbek, Kazybek"]
[WhiteFideId "778346"]
[BlackFideId "13710427"]
[WhiteElo "2211"]
[BlackElo "2441"]
[Result "0-1"]
[Round "04"]
[TimeControl "180+1"]
[Date "2022.05.10"]
[WhiteClock "0:00:23"]
[BlackClock "0:01:40"]

1. d4 Nf6 2. Nf3 g6 3. g3 Bg7 4. Bg2 O-O 5. O-O Nc6 6. c4 d5 7. cxd5 Nxd5 8. Nc3 Nb6 9. Qc2 Bf5 10. e4 Bg4 11. d5 Bxf3 12. Bxf3 Nd4 13. Qd3 Nd7 14. Bg2 c6 15. Be3 e5 16. dxc6 bxc6 17. Rfd1 Qa5 18. Rac1 Nc5 19. Qc4 Rab8 20. b3 Rfd8 21. Nb1 Nce6 22. Nc3 h5 23. Qa4 Qxc3 24. Rxc3 Ne2+ 25. Kf1 Nxc3 26. Rxd8+ Rxd8 0-1


[Site "https://www.chess.com"]

[Event "Titled Tuesday Blitz May 10 Early 2022"]
[White "Jumabayev, Rinat"]
[Black "Taichman, Ori"]
[WhiteFideId "13702661"]
[BlackFideId "2804069"]
[WhiteElo "2561"]
[BlackElo "2227"]
[Result "0-1"]
[Round "04"]
[TimeControl "180+1"]
[Date "2022.05.10"]
[WhiteClock "0:01:46"]
[BlackClock "0:01:08"]

1. d4 Nf6 2. c4 g6 3. g3 Bg7 4. Bg2 O-O 5. Nc3 d6 6. Nf3 Nc6 7. O-O Rb8 8. Bf4 Ng4 9. d5 e5 10. Bg5 f6 11. dxc6 fxg5 12. cxb7 Bxb7 13. Qc2 Qe7 14. Nd2 Bxg2 15. Kxg2 Rxf2+ 16. Kg1 Rg2+ 17. Kh1 Rxh2+ 18. Kg1 Rg2+ 19. Kh1 Rxg3 20. Rf3 Rxf3 21. exf3 Ne3 22. Qd3 Nf5 23. Rb1 g4 0-1


[Site "https://www.chess.com"]

[Event "Titled Tuesday Blitz May 10 Early 2022"]
[White "Kamsky, Gata"]
[Black "Sahil, Tickoo"]
[WhiteFideId "2000024"]
[BlackFideId "5019710"]
[WhiteElo "2645"]
[BlackElo "2099"]
[Result "1-0"]
[Round "04"]
[TimeControl "180+1"]
[Date "2022.05.10"]
[WhiteClock "0:01:29"]
[BlackClock "0:00:07"]

1. e4 c5 2. Nf3 d6 3. d4 cxd4 4. Nxd4 Nf6 5. Nc3 a6 6. a4 e5 7. Nf3 Qc7 8. Bg5 Nbd7 9. Nd2 h6 10. Bh4 Be7 11. Nc4 b6 12. Ne3 g6 13. Bc4 Bb7 14. Qf3 O-O 15. O-O Rae8 16. Bxf6 Nxf6 17. Rad1 Qc6 18. Ncd5 Nxd5 19. Bxd5 Qc7 20. Bxb7 Qxb7 21. Nd5 Bg5 22. c4 Kg7 23. g3 b5 24. cxb5 axb5 25. axb5 Qxb5 26. Nc7 Qxb2 27. Nxe8+ Rxe8 28. Rxd6 Re7 29. h4 Bc1 30. Qf6+ Kf8 31. Qh8# 1-0


[Site "https://www.chess.com"]

[Event "Titled Tuesday Blitz May 10 Early 2022"]
[White "Karolczuk, Iwo"]
[Black "Shtyka, Sergey"]
[WhiteFideId "21816972"]
[BlackFideId "4138465"]
[WhiteElo "2258"]
[BlackElo "2014"]
[Result "1-0"]
[Round "04"]
[TimeControl "180+1"]
[Date "2022.05.11"]
[WhiteClock "0:00:05"]
[BlackClock "0:00:05"]

1. e4 c5 2. Nf3 d6 3. d4 cxd4 4. Nxd4 Nf6 5. Nc3 g6 6. g3 Bg7 7. Bg2 O-O 8. O-O Nc6 9. Nde2 Rb8 10. a4 a6 11. h3 b5 12. axb5 axb5 13. Nd5 Nd7 14. Ra2 e6 15. Ndc3 Qc7 16. Be3 Nc5 17. Qc1 Nb4 18. Ra1 Bd7 19. Rd1 Bc6 20. Nd4 Bd7 21. Qd2 Nba6 22. Nce2 b4 23. Ra2 Rfd8 24. h4 e5 25. Nb3 Nxb3 26. cxb3 Bb5 27. Nc1 Rbc8 28. Nd3 Bxd3 29. Qxd3 Nc5 30. Qc4 Qb7 31. Ra5 Ne6 32. Qd3 Nd4 33. Bxd4 exd4 34. Rb5 Qc7 35. Rxb4 Qc2 36. Rb7 Qxb2 37. Bh3 Rc3 38. Qb5 Rf3 39. Rf1 d3 40. Bg4 Rf6 41. Qxd3 h5 42. Bh3 Qe5 43. b4 Re8 44. Bg2 Rfe6 45. b5 R6e7 46. Rxe7 Rxe7 47. b6 Rb7 48. Rb1 Qc5 49. Qa6 Rb8 50. b7 Qc7 51. Qb6 Qd7 52. Bf1 Be5 53. Ba6 Qh3 54. Qa7 Bxg3 55. fxg3 Qxg3+ 56. Kf1 Qf3+ 57. Qf2 Qh3+ 58. Qg2 Qe3 59. Qf2 Qh3+ 60. Kg1 Qc3 61. Rf1 Qe5 62. Qxf7+ Kh8 63. Qf6+ Qxf6 64. Rxf6 Kg8 65. Rxd6 Kg7 66. Rc6 g5 67. Rc8 1-0


[Site "https://www.chess.com"]

[Event "Titled Tuesday Blitz May 10 Early 2022"]
[White "Kashefi, Amir Hosein"]
[Black "Omelja, Artem"]
[WhiteFideId "12557935"]
[BlackFideId "14119846"]
[WhiteElo "2005"]
[BlackElo "2382"]
[Result "1-0"]
[Round "04"]
[TimeControl "180+1"]
[Date "2022.05.11"]
[WhiteClock "0:00:56"]
[BlackClock "0:00:12"]

1. d4 d5 2. Nf3 Nf6 3. c4 c6 4. Nc3 e6 5. Bg5 h6 6. Bxf6 Qxf6 7. e4 dxe4 8. Nxe4 Qd8 9. Bd3 g6 10. O-O Bg7 11. c5 O-O 12. Nd6 Nd7 13. Re1 Nf6 14. Ne5 Ne8 15. Nxe8 Rxe8 16. Be4 Qc7 17. Qc2 Bd7 18. Rad1 Rad8 19. Nc4 Bf8 20. Bxg6 fxg6 21. Qxg6+ Bg7 22. Nd6 Rf8 23. Rd3 Rf6 24. Qh5 Rdf8 25. Rg3 Kh8 26. Re4 Rxf2 27. h3 Rf1+ 28. Kh2 e5 29. Rxg7 Kxg7 30. Qxe5+ R1f6 31. Nf5+ Bxf5 32. Qxc7+ R8f7 33. Re7 Bg6 34. Qxb7 Rxe7 35. Qxe7+ Bf7 36. Qe5 Bxa2 37. Qc7+ Kg6 38. b3 Bxb3 39. Qg3+ Kh7 40. Qxb3 Rg6 41. Qf7+ Rg7 42. Qf5+ Rg6 43. Qd7+ Rg7 44. Qxc6 a5 45. d5 a4 46. Qxa4 1-0


[Site "https://www.chess.com"]

[Event "Titled Tuesday Blitz May 10 Early 2022"]
[White "Kazakouski, Valery"]
[Black "Pinheiro, Iung Alicio de O."]
[WhiteFideId "13507443"]
[BlackFideId "2104350"]
[WhiteElo "2789"]
[BlackElo "2555"]
[Result "1-0"]
[Round "04"]
[TimeControl "180+1"]
[Date "2022.05.11"]
[WhiteClock "0:01:29"]
[BlackClock "0:00:13"]

1. d4 Nf6 2. c4 g6 3. Nc3 d5 4. Nf3 Bg7 5. h4 dxc4 6. e4 c5 7. d5 b5 8. e5 Ng4 9. Bf4 b4 10. Ne4 Nd7 11. e6 Nde5 12. Nxe5 Nxe5 13. Bxe5 Bxe5 14. exf7+ Kxf7 15. Bxc4 Kg7 16. h5 Rf8 17. hxg6 hxg6 18. Qb3 a5 19. Qe3 Bf4 20. Qxc5 Bf5 21. Qd4+ e5 22. Qd3 Qb6 23. Ke2 Rac8 24. b3 Bh6 25. Raf1 a4 26. f3 axb3 27. axb3 Ra8 28. Ra1 Bxe4 29. Qxe4 Rae8 30. Ra6 Qd4 31. Qxg6+ 1-0


[Site "https://www.chess.com"]

[Event "Titled Tuesday Blitz May 10 Early 2022"]
[White "Kazarian, Anna-Maja"]
[Black "Golubev, Mikhail"]
[WhiteFideId "1033689"]
[BlackFideId "14100983"]
[WhiteElo "2004"]
[BlackElo "2374"]
[Result "0-1"]
[Round "04"]
[TimeControl "180+1"]
[Date "2022.05.11"]
[WhiteClock "0:00:05"]
[BlackClock "0:00:07"]

1. e4 c5 2. Nf3 d6 3. d4 Nf6 4. Nc3 cxd4 5. Nxd4 Nc6 6. Be2 g6 7. O-O Bg7 8. Be3 O-O 9. Qd2 Bd7 10. f4 Rc8 11. Kh1 a6 12. a4 Na5 13. e5 Ne8 14. Nd5 e6 15. Ne7+ Qxe7 16. Qxa5 dxe5 17. fxe5 Nc7 18. c4 Na8 19. Nb3 b6 20. Qc3 b5 21. axb5 axb5 22. c5 Nc7 23. Bf3 Nd5 24. Bxd5 exd5 25. Bd4 Bf5 26. c6 Qc7 27. Rfc1 Rfe8 28. Ra7 Qd8 29. c7 Qg5 30. Re1 Be4 31. Qg3 Qf5 32. Nc5 Bxe5 33. Bxe5 Qxe5 34. Qxe5 Rxe5 35. Nd7 Bxg2+ 36. Kxg2 Rxe1 37. Nb6 Ree8 38. Nxc8 Rxc8 39. Kf3 Kf8 40. Kf4 Ke7 41. Ke5 Kd7 42. Kxd5 Rxc7 43. Ra5 Rc2 44. Rxb5 Rxh2 45. Rb7+ Ke8 46. Kd6 Rd2+ 47. Ke5 Rf2 48. Rb8+ Ke7 49. Rb7+ Kf8 50. b4 Rf5+ 51. Ke4 h5 52. b5 Kg7 53. b6 Rb5 54. Rb8 h4 55. Kf3 g5 56. Kg4 Kf6 57. b7 Rb4+ 58. Kh3 Rb3+ 59. Kg2 Rb2+ 60. Kh3 Rb3+ 61. Kg2 Rb2+ 62. Kh3 Rb4 63. Kg2 g4 64. Rh8 Rb2+ 65. Kg1 Rxb7 66. Rxh4 Rb4 67. Kg2 Kg5 68. Rh7 f5 69. Rg7+ Kf4 70. Rd7 Rb2+ 71. Kg1 Kg3 72. Rd3+ Kh4 73. Rd1 f4 74. Rf1 f3 75. Kh1 Kg3 76. Kg1 Rg2+ 77. Kh1 Rh2+ 78. Kg1 f2+ 0-1


[Site "https://www.chess.com"]